Map: Newkirk Precinct TE (Void)

Players

Musumeci - Winner!

  • Race: Zerg Zerg
  • League: Diamond
  • Spawn Location: 7:00

Terrathor

  • Race: Terran Terran
  • League: Diamond
  • Spawn Location: 5:00

VOD

Have the link to the VOD?

Description

Time

  • Played on: April 3, 2017, 3:20 p.m.
  • Length: 22:59
Show
View Real Time Build Order
Export as new Build Order

Musumeci Zerg - Winner!

Build Orders: Hatch First 

Get SALT Encoding   

  12  0:01  Drone  
  13  0:10  Drone  
  14  0:15  Extractor, Drone  
  15  0:41  Hatchery  
  14  0:44  Extractor  
  14  0:45  Drone  
  15  1:01  Spawning Pool  
  14  1:05  Extractor  
  14  1:06  Drone  
  14  1:14  Extractor, Drone  
  16  1:24  Overlord  
  16  1:42  Drone x3  
  19  1:47  Queen  
  19  1:52  Queen  
  23  1:55  Drone  
  23  1:59  Drone  
  25  2:05  Overlord  
  25  2:10  Drone  
  26  2:26  Queen  
  26  2:28  Queen  
  30  2:35  Drone x3  
  33  2:44  Drone x3  
  33  2:49  Overlord  
  36  2:53  Overlord  
  36  3:10  Drone  
  36  3:11  Drone x6  
  43  3:12  Extractor  
  43  3:14  Extractor  
  43  3:18  Roach Warren  
  40  3:24  Drone  
  40  3:25  Drone  
  42  3:30  Drone  
  42  3:32  Drone  
  44  3:58  Roach x4  
  44  3:59  Evolution Chamber  
  44  4:00  Evolution Chamber, Overlord  
  50  4:03  Overlord  
  50  4:20  Roach x3, Evolution Chamber  
  50  4:24  Hatchery  
  54  4:27  Overlord  
  54  4:28  Overlord  
  54  4:37  Roach x3  
  60  4:50  Overlord x2  
  60  4:52  Extractor  
  60  4:55  Lair  
  60  4:57  Drone  
  60  4:58  Extractor, Drone  
  60  5:00  Drone  
  60  5:05  Overlord  
  61  5:22  Roach x2  
  61  5:23  Roach x2  
  61  5:24  Zerg Missile Weapons Level 1  
  61  5:25  Drone  
  61  5:27  Drone  
  71  5:29  Drone  
  71  5:31  Drone  
  73  5:38  Drone x3  
  76  5:43  Overlord  
  76  6:00  Overlord  
  76  6:02  Overlord  
  76  6:08  Spore Crawler x2  
  75  6:11  Spore Crawler, Drone x4  
  75  6:15  Spore Crawler  
  76  6:18  Zerg Ground Armor Level 1  
  76  6:22  Glial Reconstitution  
  76  6:23  Drone x2  
  78  6:25  Drone  
  78  6:26  Drone  
  78  6:30  Ravager x2  
  82  6:51  Drone x12  
  82  6:52  Drone  
  82  6:54  Extractor  
  94  6:58  Extractor  
  93  7:07  Drone x3  
  96  7:11  Drone x3  
  96  7:12  Drone x3  
  96  7:13  Spore Crawler  
  103  7:15  Roach  
  103  7:16  Roach  
  103  7:17  Ravager x3  
  103  7:18  Ravager  
  103  7:22  Zerg Missile Weapons Level 2  
  105  7:55  Roach  
  105  7:56  Roach x17  
  113  8:10  Drone  
  113  8:11  Drone x2  
  113  8:12  Roach  
  117  8:13  Roach  
  117  8:18  Zerg Ground Armor Level 2  
  117  8:41  Ravager x2  
  117  8:42  Ravager x4  
  117  8:43  Roach x3  
  129  8:51  Extractor  
  129  8:54  Hatchery  
  127  8:58  Extractor  
  126  9:10  Roach x2  
  126  9:15  Overlord x7  
  130  9:22  Overlord x4  
  130  9:34  Ravager x3  
  130  9:35  Ravager x6  
  139  9:48  Roach x11  
  155  10:22  Ravager  
  155  10:23  Ravager x6  
  162  10:36  Tunneling Claws  
  162  10:38  Infestation Pit  
  162  10:42  Drone x13  
  174  10:47  Ravager  
  174  10:48  Ravager  
  176  11:16  Ravager x6  
  182  11:20  Hive  
  116  11:55  Roach x17  
  116  11:56  Roach x5  
  116  12:01  Roach x3  
  133  12:02  Queen  
  135  12:14  Roach x6  
  147  12:21  Ravager x5  
  147  12:22  Ravager x2  
  150  12:23  Ravager  
  128  12:36  Roach x9  
  128  12:37  Roach  
  123  12:41  Roach x3  
  126  12:49  Ravager  
  126  12:51  Roach x4  
  131  12:58  Hatchery  
  128  12:59  Extractor  
  128  13:00  Extractor  
  112  13:13  Ravager  
  112  13:14  Ravager x3  
  116  13:24  Overlord x4  
  116  13:31  Drone x2  
  116  13:32  Drone x5  
  123  13:35  Roach  
  123  13:36  Roach x7  
  139  13:44  Queen  
  143  14:02  Roach  
  143  14:03  Roach x11  
  153  14:14  Roach x3  
  153  14:16  Ravager x6  
  165  14:27  Queen  
  167  14:34  Roach  
  167  14:35  Roach x10  
  189  14:41  Hatchery  
  188  14:45  Burrow  
  171  15:04  Ravager x2  
  171  15:05  Ravager x6  
  171  15:21  Ravager x5  
  168  15:40  Roach x10  
  180  15:55  Spine Crawler  
  180  15:56  Spine Crawler x2  
  177  15:59  Spine Crawler  
  177  16:00  Spore Crawler  
  177  16:02  Spore Crawler  
  177  16:03  Roach  
  177  16:04  Roach x6  
  188  16:08  Extractor  
  188  16:09  Hatchery  
  186  16:11  Roach  
  186  16:12  Roach  
  186  16:15  Roach x2  
  186  16:16  Extractor  
  185  16:31  Roach x2  
  181  16:41  Roach x2  
  181  16:44  Roach x5  
  181  16:45  Roach x4  
  150  17:04  Roach  
  150  17:05  Roach x14  
  150  17:20  Drone x4  
  154  17:26  Roach  
  154  17:30  Roach  
  150  17:38  Ravager x14  
  150  17:40  Roach x4  
  150  17:41  Hatchery  
  162  18:08  Roach  
  146  18:39  Ravager  
  146  18:40  Ravager x5  
  152  18:47  Roach  
  152  19:07  Hatchery  
  151  19:11  Extractor  
  151  19:12  Hatchery  
  151  19:15  Extractor  
  148  19:23  Zerg Missile Weapons Level 3, Zerg Ground Armor Level 3  
  148  19:25  Roach x4  
  138  20:18  Roach x13  
  138  20:19  Roach x11  
  165  20:48  Roach x6  
  169  20:50  Ravager  
  169  20:56  Extractor  
  133  21:05  Roach  
  133  21:06  Roach x5  
  133  21:09  Roach x4  
  110  21:16  Roach x3  
  115  21:45  Roach x2  
  115  21:46  Roach x7  
  120  22:01  Roach x4  
  120  22:05  Ravager x2  
  122  22:19  Ravager  
  120  22:47  Ravager x3  
Show
View Real Time Build Order
Export as new Build Order

Terrathor Terran 

Build Orders: Reaper Expand, MMM Bio 

Get SALT Encoding   

  12  0:01  SCV  
  13  0:13  SCV  
  14  0:18  Supply Depot  
  14  0:25  SCV  
  15  0:40  SCV  
  15  0:41  Barracks  
  16  0:46  Refinery  
  16  0:52  SCV  
  17  1:04  SCV  
  18  1:16  SCV  
  19  1:28  Orbital Command  
  19  1:29  Reaper  
  20  1:47  Command Center  
  20  1:55  SCV  
  21  2:01  Marine  
  21  2:05  Supply Depot  
  21  2:07  SCV  
  23  2:26  Marine, Factory  
  23  2:27  SCV  
  25  2:39  SCV  
  26  2:44  Marine  
  26  2:45  Barracks, Refinery  
  26  2:51  SCV  
  28  3:02  Marine  
  28  3:03  Orbital Command, SCV  
  30  3:12  Barracks, Bunker  
  30  3:15  Starport  
  30  3:18  Factory Reactor  
  30  3:20  Marine  
  30  3:25  SCV  
  32  3:38  Marine, SCV x2  
  35  3:42  Orbital Command  
  35  3:50  SCV  
  35  4:09  Supply Depot  
  35  4:10  Bunker  
  35  4:12  Supply Depot  
  35  4:13  Supply Depot  
  35  4:14  Supply Depot  
  35  4:16  Marine, Barracks Tech Lab  
  36  4:17  Medivac  
  36  4:20  Refinery, SCV  
  36  4:21  SCV  
  40  4:28  Factory Reactor  
  40  4:32  Marine x2  
  40  4:34  SCV  
  40  4:35  SCV  
  44  4:46  SCV  
  45  4:54  Stimpack  
  45  4:55  Marine  
  45  4:56  Marine x3  
  45  4:59  SCV x2  
  51  5:11  SCV  
  51  5:13  Marine x2  
  51  5:14  Marine  
  55  5:15  SCV, Engineering Bay  
  55  5:16  Engineering Bay  
  55  5:19  Medivac x2  
  55  5:20  Marine, Factory Reactor  
  61  5:23  SCV  
  61  5:27  SCV  
  63  5:31  Marine  
  63  5:35  SCV  
  65  5:37  Marine, Refinery  
  65  5:38  Marine x2  
  65  5:39  SCV  
  69  5:47  SCV  
  69  5:49  Marine  
  71  5:51  SCV  
  71  5:53  Terran Infantry Weapons Level 1  
  71  5:54  Terran Infantry Armor Level 1  
  71  5:55  Marine  
  71  5:57  Marauder, Widow Mine  
  77  6:04  Barracks Tech Lab  
  77  6:05  Supply Depot x2  
  77  6:07  Supply Depot  
  77  6:09  Supply Depot  
  77  6:19  Marine  
  78  6:26  Marine, Widow Mine  
  78  6:27  Marauder  
  78  6:28  Armory  
  78  6:32  Barracks, Widow Mine  
  83  6:38  Barracks  
  85  7:04  Concussive Shells, Combat Shields  
  85  7:06  Marauder  
  85  7:07  Marine x2, Marauder  
  91  7:11  SCV  
  91  7:13  Widow Mine x2  
  91  7:14  Medivac x2  
  100  7:20  Barracks Reactor, Command Center  
  100  7:24  Barracks Tech Lab  
  100  7:25  Marine  
  78  8:05  Marauder x3, Marine x4  
  76  8:08  SCV  
  76  8:09  SCV  
  76  8:12  Terran Infantry Weapons Level 2, Terran Infantry Armor Level 2  
  80  8:13  Terran Vehicle And Ship Armor Level 1  
  80  8:21  SCV x2  
  80  8:23  Marine x4  
  80  8:26  Marauder x3  
  92  8:33  SCV x2  
  94  8:35  Orbital Command  
  94  8:37  Refinery  
  94  8:40  Marine  
  95  8:43  Marine x3  
  95  8:45  SCV x2  
  95  8:47  Marine, Marauder  
  95  8:48  Marauder  
  105  8:52  Viking, Medivac  
  109  8:57  SCV x2  
  111  9:07  Marine x3, Marauder  
  111  9:09  Marauder, SCV  
  119  9:14  Command Center  
  119  9:22  Medivac  
  121  9:33  Marauder  
  121  9:34  Marauder  
  125  9:39  Supply Depot  
  125  9:42  Supply Depot  
  125  9:45  Supply Depot  
  125  9:48  Supply Depot  
  125  9:50  Supply Depot  
  125  10:00  Marine x2, Medivac x2  
  125  10:01  Marauder  
  125  10:03  Marine x2  
  125  10:04  Marauder x2  
  137  10:18  Marine x2  
  137  10:19  Terran Vehicle And Ship Armor Level 2  
  139  10:21  Marine x2  
  139  10:22  Marauder  
  139  10:25  Marauder x2  
  147  10:36  Marine x2  
  147  10:39  Marine  
  147  10:41  Marine  
  151  10:43  Marauder, Medivac x2  
  151  10:47  Marauder x2  
  161  10:51  Terran Infantry Weapons Level 3, Terran Infantry Armor Level 3  
  161  10:54  Marine x2  
  163  10:57  Marine  
  163  10:59  Marine, Planetary Fortress  
  163  11:01  Refinery  
  165  11:05  Marauder  
  165  11:08  Marauder, Supply Depot x2  
  165  11:09  Supply Depot  
  169  11:13  Supply Depot  
  169  11:14  Supply Depot x2  
  169  11:20  Barracks  
  169  11:23  Barracks  
  169  11:26  Barracks  
  169  11:28  Marine x5  
  174  11:38  Orbital Command  
  132  12:02  Marine x5  
  132  12:03  Marauder x2  
  132  12:05  Medivac x2  
  145  12:20  Marine x4  
  145  12:21  Marauder  
  150  12:24  Marauder x2  
  141  12:38  Marine x2  
  141  12:42  Marauder  
  143  12:46  Marauder x2  
  143  12:49  Marine x2  
  143  12:50  Barracks Tech Lab x2  
  143  12:51  Barracks Tech Lab  
  149  12:55  Marine x2  
  138  13:03  Marauder  
  138  13:07  Marauder  
  135  13:15  Marauder x2  
  135  13:16  Marauder x2, Marine x4  
  147  13:25  Marauder  
  149  13:28  Marauder  
  149  13:34  Marine x4  
  152  13:36  Marauder  
  152  13:37  Marauder x3  
  152  13:39  Terran Vehicle And Ship Armor Level 3  
  163  13:46  Marauder  
  165  13:50  Marauder  
  165  13:51  Marine  
  165  13:52  Marine x3  
  171  13:58  Marauder  
  173  14:09  Marauder x2, Marine x2  
  173  14:10  Marauder x2  
  173  14:11  Marauder  
  177  14:28  Marauder, Marine x2  
  177  14:29  Marine  
  177  14:31  Marauder x3  
  186  14:48  Marauder x2, Marine x3  
  186  14:49  Marine  
  186  14:50  Marauder  
  186  14:52  Marauder x2  
  183  15:06  Marauder, Marine x4  
  185  15:09  Marauder x2  
  185  15:11  Marauder  
  185  15:13  Marauder  
  185  15:14  Marauder  
  193  15:24  Marine  
  184  15:38  Medivac x2  
  184  15:42  Marine x3  
  190  15:43  Marauder x2, Marine x5  
  197  16:01  Marauder  
  199  16:07  Command Center  
  199  16:12  Refinery  
  199  16:16  Refinery  
  132  17:03  Marauder x3, Marine x2  
  132  17:04  Marauder x3, Marine x2  
  89  17:21  Marine x3  
  89  17:22  Marine  
  90  17:23  Medivac x2  
  90  17:24  Marine  
  90  17:25  Marauder x5  
  100  17:39  Marine x4  
  100  17:42  Marine  
  105  17:46  Marine, Marauder x3  
  105  17:47  Marauder  
  105  17:50  SCV x2  
  114  17:53  Medivac x2  
  114  17:57  Marine x4  
  119  18:01  Marauder  
  119  18:04  Marauder  
  123  18:07  Marine x2  
  123  18:08  Marauder x2  
  128  18:15  Marine  
  129  18:23  Medivac  
  128  18:38  Command Center  
  128  18:42  Marauder x2  
  128  18:43  Marauder x4, Marine x4  
  144  19:04  Marauder  
  144  19:09  Medivac x2  
  150  19:10  Marauder  
  150  19:11  Marauder x4  
  158  19:39  Marauder x4  
  158  19:40  Marauder  
  158  19:43  Medivac x2  
  168  19:56  Marauder  
  161  20:13  Medivac  
  147  20:49  Marine  
  53  22:02  SCV  
  54  22:12  Orbital Command  
  54  22:14  SCV  
Tags
 
Add a new tag
Caveats
  • Supply blocks, unpowered buildings, or Contaminate may cause inaccurate times.
  • Supply counts are checked every 10 seconds.